[Event "Late-Titled-Tuesday-Blitz-April-16-2024"]
[Site "Chess.com"]
[Date "2024.04.16"]
[Round "6"]
[White "GM_dmitrij"]
[Black "XDPS"]
[Result "1/2-1/2"]
[WhiteElo "2989"]
[BlackElo "2828"]
[TimeControl "180+1"]
[EndTime "15:07:05 PDT"]
[Termination "Game drawn by 50-move rule"]

1. d4 d5 2. c4 e6 3. Nf3 Nf6 4.
Nc3 c6 5. e3 Nbd7 6. Bd3 Be7 7.
O-O O-O 8. e4 dxe4 9. Nxe4 c5 10. Nxc5 Nxc5 11. dxc5 Bxc5 12. Bg5 b6 13. Qc2 Bb7 14.
Bxh7+ Kh8 15. Bxf6 Qxf6 16. Be4 Bxe4 17. Qxe4 Qxb2 18.
Qh4+ Kg8 19. Ng5 Qc2 20. Rac1 Qf5 21. Rc3 f6 22. Ne4 Rac8 23. Re1 Rfd8 24. Rf3 Qh7 25. Qf4 Be7 26. h4 Qh5 27. Ng3 Qf7 28. Qe4 Bb4 29. Re2 Rd1+ 30. Kh2 Bd6 31. Qxe6 Qxe6 32. Rxe6 Rxc4 33. Kh3 Kf7 34. Re4 Rc2 35. Nf5 Rh1+ 36. Kg4 Bf8 37. h5 Rd1 38. a4 Rd5 39. g3 Rcc5 40. Rff4 Rc2 41. Re1 Rdd2 42. f3 Rd3 43.
Rfe4 Rc5 44. R1e3 Rxe3 45. Nxe3 Rg5+ 46. Kh4 Be7 47. g4 Ra5 48. Nf5 Bf8 49. Rc4 Rc5 50. Rd4 Rc7 51. Kg3 a6 52. Kf4 b5 53. axb5 axb5 54. Ke4 b4 55. Rd5 Rb7 56. Rd1 b3 57.
Rb1 b2 58. Kd4 Ba3 59. Kc3 Ke6 60. Nd4+ Ke5 61. Nc2 Bd6 62. Ne1 Kf4 63. Kd2 Be5 64.
Ke2 Kg3 65. Nd3 Rb3 66. Nc5 Rb4 67. Nd3 Rb5 68. Ne1 Kh4 69. Nd3 Kg5 70. Ke3 Rb3 71.
Ke4 Bc3 72. Ke3 Rb8 73. Ke4 Re8+ 74. Kd5 Re3 75. Kc4 Be5 76. Nxe5 fxe5 77. Rxb2 Rxf3 78.
Rb7 Rf4+ 79. Kd5 Rxg4 80. Kxe5 Kxh5 81. Kf5 Rg1 82. Kf4 Rf1+ 83. Kg3 Kh6 84. Kg2 Rf6 85.
Rb8 g5 86. Kg3 Kg6 87. Kg4 Rf4+ 88. Kg3 Re4 89. Kf3 Rd4 90. Kg3 Rd3+ 91. Kg4 Rd4+ 92. Kg3 Rc4 93. Kf3 Kf5 94. Rf8+ Kg6 95. Rg8+ Kh6 96.
Rh8+ Kg7 97. Ra8 Rh4 98. Kg3 Rb4 99. Ra7+ Kg6 100. Ra8 Rb7 101. Rg8+ Rg7 102. Ra8 Kh5 103. Rh8+ Kg6 104. Ra8 Rf7 105. Rg8+ Kf5 106. Ra8 Re7 107. Rf8+ Kg6 108. Ra8 Re3+ 109. Kg4 Re4+ 110. Kg3 Rf4 111. Rg8+ Kf6 112. Rf8+ Kg6 113. Ra8 Rf6 114. Rg8+ Kf5 115. Ra8 Kg6 116. Rg8+ Kh5 117. Ra8 Re6 118. Rh8+ Kg6 119. Ra8 Re3+ 120. Kg4 Re4+ 121. Kg3 Rb4 122. Rg8+ Kf6 123. Rf8+ Kg6 124. Ra8 Kf5 125. Rf8+ Kg6 126. Rc8 Rd4 127. Rg8+ Kf5 128. Rf8+ Kg6 129. Re8 Kf5 130. Rf8+ Kg6 131. Re8 Kh5 132. Rh8+ Kg6 133. Kf3 Rh4 134. Ra8 Rh3+ 135. Kg4 Rh4+ 1/2-1/2

[Event "Late-Titled-Tuesday-Blitz-April-16-2024"]
[Site "Chess.com"]
[Date "2024.04.16"]
[Round "7"]
[White "Fengwi"]
[Black "pirulillo"]
[Result "1-0"]
[WhiteElo "2466"]
[BlackElo "2334"]
[TimeControl "180+1"]
[EndTime "15:09:21 PDT"]
[Termination "Fengwi won by resignation"]

1. Nf3 Nf6 2. b3 g6 3. Bb2 Bg7 4. g3 O-O 5. Bg2 d5 6. c4 c5 7.
cxd5 Qxd5 8. Nc3 Qd8 9. O-O Nc6 10. Rc1 Be6 11. Na4 b6 12. d4 cxd4 13. Rxc6 1-0

[Event "Late-Titled-Tuesday-Blitz-April-16-2024"]
[Site "Chess.com"]
[Date "2024.04.16"]
[Round "7"]
[White "rionelG"]
[Black "PapaieDudu"]
[Result "1-0"]
[WhiteElo "2196"]
[BlackElo "2309"]
[TimeControl "180+1"]
[EndTime "15:09:49 PDT"]
[Termination "rionelG won by resignation"]

1. e4 d5 2. exd5 c6 3. d4 Nf6 4. Nf3 cxd5 5. Bd3 Nc6 6. Bf4 Bg4 7. c3 e6 8. Nbd2 Bd6 9. Bg5 O-O 10. O-O e5 11. dxe5 Nxe5 12. Be2 Ng6 13. h3 Bf5 14. Nd4 Be4 15. f3 h6 16. Bxf6 Qxf6 17. fxe4 Qe5 18. N4f3 Qxe4 19. Nxe4 1-0

[Event "Late-Titled-Tuesday-Blitz-April-16-2024"]
[Site "Chess.com"]
[Date "2024.04.16"]
[Round "7"]
[White "SpeedofLight0"]
[Black "Denmark2015"]
[Result "1-0"]
[WhiteElo "3036"]
[BlackElo "2595"]
[TimeControl "180+1"]
[EndTime "15:10:16 PDT"]
[Termination "SpeedofLight0 won by resignation"]

1. f3 e6 2. Kf2 d5 3. e3 Nf6 4. d4 c5 5. c3 Nc6 6. Bd3 Bd6 7.
Ne2 e5 8. Nd2 O-O 9. Rf1 exd4 10. exd4 Qb6 11. Kg1 cxd4 12. Kh1 dxc3 13. bxc3 Bd7 14.
Nb3 Rae8 15. Nbd4 Nxd4 16. Nxd4 Bb8 17. Ba3 Bd6 18. Rb1 Qc7 19. Bxd6 Qxd6 20. Rxb7 Rc8 21.
Qd2 Rc7 22. Rfb1 Bc8 23. Nb5 1-0

[Event "Late-Titled-Tuesday-Blitz-April-16-2024"]
[Site "Chess.com"]
[Date "2024.04.16"]
[Round "7"]
[White "simaopdias"]
[Black "SmirnovTimofey2000"]
[Result "1-0"]
[WhiteElo "2246"]
[BlackElo "1988"]
[TimeControl "180+1"]
[EndTime "15:10:17 PDT"]
[Termination "simaopdias won by resignation"]

1. e4 e5 2. Nf3 Nf6 3. Nc3 Bb4 4. Bc4 O-O 5. d3 d5 6. exd5 Nxd5 7. O-O Nxc3 8. bxc3 Bxc3 9. Rb1 Nc6 10. Ng5 h6 11. Ne4 Ba5 12. Qh5 Qe7 13. Bxh6 gxh6 14. Qxh6 Be6 15.
Nf6+ 1-0

[Event "Late-Titled-Tuesday-Blitz-April-16-2024"]
[Site "Chess.com"]
[Date "2024.04.16"]
[Round "7"]
[White "MFatigue"]
[Black "Denisenko_Denis"]
[Result "1-0"]
[WhiteElo "2555"]
[BlackElo "2424"]
[TimeControl "180+1"]
[EndTime "15:10:25 PDT"]
[Termination "MFatigue won by resignation"]

1. e4 e5 2. Nf3 Nf6 3. d4 Nxe4 4.
dxe5 Bc5 5. Qd5 Bxf2+ 6. Ke2 f5 7. exf6 Nxf6 8. Qe5+ Kf7 9. Ng5+ Kg6 10. Kd1 Re8 11.
Bd3+ Kh5 12. Ne6+ 1-0

[Event "Late-Titled-Tuesday-Blitz-April-16-2024"]
[Site "Chess.com"]
[Date "2024.04.16"]
[Round "7"]
[White "carloseduar100"]
[Black "MaxLeto"]
[Result "0-1"]
[WhiteElo "2230"]
[BlackElo "2417"]
[TimeControl "180+1"]
[EndTime "15:10:25 PDT"]
[Termination "MaxLeto won by resignation"]

1. d4 h5 2. e4 h4 3. c4 d6 4. f4 h3 5. Nxh3 Bxh3 6. gxh3 e5 7.
dxe5 Qh4+ 8. Ke2 dxe5 9. f5 Qxe4+ 10. Kf2 Bc5+ 11. Kg3 Ne7 0-1

[Event "Late-Titled-Tuesday-Blitz-April-16-2024"]
[Site "Chess.com"]
[Date "2024.04.16"]
[Round "7"]
[White "lluiss"]
[Black "pfalcon1949"]
[Result "1-0"]
[WhiteElo "2113"]
[BlackElo "1956"]
[TimeControl "180+1"]
[EndTime "15:10:41 PDT"]
[Termination "lluiss won by resignation"]

1. c4 Nf6 2. b3 d5 3. cxd5 Nxd5 4. Bb2 Bf5 5. d3 Bg6 6. Nf3 e6 7. g3 Be7 8. Bg2 O-O 9. O-O c5 10. Nc3 Nc6 11. Rc1 b6 12. Nxd5 Rc8 13. Nxe7+ Qxe7 14. Ne5 Nxe5 15. Bxe5 Rfd8 16. Bb2 Rd7 17. Qd2 Rcd8 18.
Qc3 f6 19. Bh3 Bf7 20. a3 h5 21. b4 cxb4 22. Qxb4 Qe8 23. Rc2 h4 24. Rfc1 hxg3 25. hxg3 f5 26. Rc7 Bh5 27. Bg2 Rxc7 28. Rxc7 Bxe2 29.
Rxg7+ 1-0

[Event "Late-Titled-Tuesday-Blitz-April-16-2024"]
[Site "Chess.com"]
[Date "2024.04.16"]
[Round "7"]
[White "micke12a"]
[Black "Fjal"]
[Result "1-0"]
[WhiteElo "2445"]
[BlackElo "2311"]
[TimeControl "180+1"]
[EndTime "15:10:42 PDT"]
[Termination "micke12a won by resignation"]

1. e4 d6 2. d4 g6 3. Nc3 Bg7 4. Be3 c6 5. a4 a5 6. Qd3 Na6 7. Qd2 Nb4 8. Bc4 Nf6 9. f3 d5 10. exd5 cxd5 11. Bb5+ Bd7 12. Nge2 Rc8 13. Rc1 O-O 14.
O-O Bxb5 15. Nxb5 Qd7 16. c3 Nc6 17. Nf4 h5 18. Nd3 b6 19. Bf4 Qf5 20. Rfe1 Rfe8 21.
Ne5 Nxe5 22. dxe5 Qd7 23. exf6 1-0

[Event "Late-Titled-Tuesday-Blitz-April-16-2024"]
[Site "Chess.com"]
[Date "2024.04.16"]
[Round "7"]
[White "Godzillator"]
[Black "GaiozNigalidze"]
[Result "0-1"]
[WhiteElo "2360"]
[BlackElo "2674"]
[TimeControl "180+1"]
[EndTime "15:10:55 PDT"]
[Termination "GaiozNigalidze won by checkmate"]

1. c4 Nf6 2. Nc3 g6 3. d4 Bg7 4. e4 d6 5. Be2 O-O 6. Bg5 Nfd7 7. Qd2 Nc6 8. d5 Nd4 9. Bd3 c5 10. Nge2 Ne5 11. Nxd4 cxd4 12. Be2 dxc3 13. bxc3 b6 14. h4 h5 15. f3 f6 16. Bf4 f5 17. g4 fxg4 18. fxg4 Bxg4 19. Bxe5 Bxe5 20. Bxg4 hxg4 21. Qh6 Rf6 22. Ke2 Qc8 23. Kd3 Rf3+ 24. Kc2 Rxc3+ 25. Kd2 Qxc4 26. Qxg6+ Bg7 27. h5 Qd3+ 28. Ke1 Qe3+ 29. Kf1 Rf8+ 30. Kg2 Rf2+ 31. Kg1 Qg3# 0-1

[Event "Late-Titled-Tuesday-Blitz-April-16-2024"]
[Site "Chess.com"]
[Date "2024.04.16"]
[Round "7"]
[White "jaskol95"]
[Black "balachess2006"]
[Result "0-1"]
[WhiteElo "2540"]
[BlackElo "2685"]
[TimeControl "180+1"]
[EndTime "15:10:56 PDT"]
[Termination "balachess2006 won by resignation"]

1. d4 Nf6 2. Nc3 d5 3. Bf4 Bf5 4. e3 e6 5. Nf3 Bb4 6. Bd3 O-O 7.
O-O Nbd7 8. Bxf5 exf5 9. Ne5 c6 10. Ne2 Re8 11. c3 Bf8 12. Ng3 g6 13. Bg5 Nxe5 14. dxe5 Rxe5 15. Qd4 Re6 16. h4 h5 17. a4 Bg7 18.
Qd3 Qc7 19. a5 Ne4 20. Bf4 Qe7 21. a6 b6 22. Bg5 Nxg5 23. hxg5 Qxg5 24. Ra4 h4 25.
Ne2 Re4 26. Nd4 Bxd4 27. Rxd4 Rae8 28. b4 h3 29. g3 Kg7 30. b5 Rxe3 31. fxe3 Qxg3+ 0-1

[Event "Late-Titled-Tuesday-Blitz-April-16-2024"]
[Site "Chess.com"]
[Date "2024.04.16"]
[Round "7"]
[White "duone"]
[Black "Lady_Nika"]
[Result "1-0"]
[WhiteElo "2331"]
[BlackElo "2469"]
[TimeControl "180+1"]
[EndTime "15:11:07 PDT"]
[Termination "duone won by checkmate"]

1. e4 c5 2. Nf3 e6 3. d4 cxd4 4. Nxd4 a6 5. Bd3 Nc6 6. Nxc6 bxc6 7. O-O d5 8. Nd2 Nf6 9. Qe2 Be7 10. Rd1 O-O 11. Nf3 Re8 12. Bg5 Nd7 13. Bf4 Bb7 14.
e5 c5 15. c4 d4 16. Nd2 Nf8 17. Ne4 Ng6 18. Bg3 Qb6 19. f4 Rab8 20. Rab1 a5 21. b3 Bc6 22. Rf1 Rb7 23. f5 exf5 24. Rxf5 Bd7 25. Rf3 Bg4 26. Rbf1 Bxf3 27. Qxf3 Bf8 28. Ng5 Ree7 29. e6 f6 30. Nxh7 Kxh7 31. Qh5+ Kg8 32. Bxg6 Qxe6 33. Qh7# 1-0

[Event "Late-Titled-Tuesday-Blitz-April-16-2024"]
[Site "Chess.com"]
[Date "2024.04.16"]
[Round "7"]
[White "subham777"]
[Black "rajesh1464"]
[Result "1-0"]
[WhiteElo "2538"]
[BlackElo "2381"]
[TimeControl "180+1"]
[EndTime "15:11:09 PDT"]
[Termination "subham777 won by resignation"]

1. e4 c5 2. Nf3 d6 3. d4 cxd4 4. Qxd4 e5 5. Qd2 Bg4 6. Nc3 Bxf3 7. gxf3 Nf6 8. b3 g6 9. Bb2 h5 10. Nd5 Nc6 11. Bc4 Bh6 12. f4 O-O 13. O-O-O Rc8 14. Kb1 Nxd5 15. Qxd5 Bxf4 16. Qxd6 Qh4 17. Qxg6+ Kh8 18.
Bxf7 Ne7 19. Bxe5+ 1-0

[Event "Late-Titled-Tuesday-Blitz-April-16-2024"]
[Site "Chess.com"]
[Date "2024.04.16"]
[Round "7"]
[White "FairChess_on_YouTube"]
[Black "Bryanl106"]
[Result "1-0"]
[WhiteElo "3078"]
[BlackElo "2706"]
[TimeControl "180+1"]
[EndTime "15:11:28 PDT"]
[Termination "FairChess_on_YouTube won by resignation"]

1. e4 e5 2. Nf3 Nc6 3. Bb5 a6 4. Ba4 Nf6 5. d3 b5 6. Bb3 Be7 7. O-O d6 8. a3 O-O 9. Nc3 Na5 10. Ba2 c5 11. Bg5 Be6 12. Bxf6 Bxf6 13. Nd5 Nc6 14. c3 Rc8 15. h3 g6 16. a4 Bg7 17.
axb5 axb5 18. Bb3 Bxd5 19. Bxd5 Ne7 20. Ba2 Ra8 21. Bb3 h6 22. Nh2 Qc7 23. Qe2 Kh7 24. Ng4 f5 25. Ne3 fxe4 26. dxe4 c4 27. Bc2 Qc6 28.
h4 h5 29. Nd5 Nxd5 30. exd5 Qxd5 31. Qxh5+ Kg8 32. Bxg6 Rf6 33. Qh7+ Kf8 34. Be4 1-0

[Event "Late-Titled-Tuesday-Blitz-April-16-2024"]
[Site "Chess.com"]
[Date "2024.04.16"]
[Round "7"]
[White "Yushko_Olga"]
[Black "IndianSchoolOfSuffering"]
[Result "1-0"]
[WhiteElo "2311"]
[BlackElo "2425"]
[TimeControl "180+1"]
[EndTime "15:11:48 PDT"]
[Termination "Yushko_Olga won by resignation"]

1. d4 Nf6 2. c4 c5 3. d5 e6 4. Nc3 exd5 5. cxd5 d6 6. e4 g6 7. f4 Bg7 8. Nf3 O-O 9. Be2 Re8 10.
Qc2 Bg4 11. O-O Nbd7 12. h3 Bxf3 13. Bxf3 a6 14. a4 c4 15. Re1 Rc8 16. Be3 Nc5 17. Bxc5 Rxc5 18. e5 Nd7 19. Ne4 dxe5 20. Nxc5 Nxc5 21.
Qxc4 Nd7 22. d6 Qb6+ 23. Kh1 Qxd6 24. Bxb7 Nc5 25. Rad1 Qf8 26. Bd5 e4 27. Bxf7+ Qxf7 28. Qxc5 e3 29. Rxe3 1-0

[Event "Late-Titled-Tuesday-Blitz-April-16-2024"]
[Site "Chess.com"]
[Date "2024.04.16"]
[Round "7"]
[White "CrushingKings"]
[Black "Licancabur"]
[Result "1-0"]
[WhiteElo "2592"]
[BlackElo "2446"]
[TimeControl "180+1"]
[EndTime "15:11:55 PDT"]
[Termination "CrushingKings won by resignation"]

1. Nf3 d5 2. g3 Nf6 3. Bg2 c6 4. O-O Bg4 5. h3 Bh5 6. c4 e6 7. cxd5 exd5 8. d4 Nbd7 9. Ne5 Nxe5 10.
dxe5 Nd7 11. f4 Bc5+ 12. Kh2 f5 13. Qc2 Qe7 14. Qxf5 Bxe2 15. Re1 Bh5 16. Qxh5+ g6 17. Qg5 Qxg5 18. fxg5 O-O 19. e6 Nb6 20. Bf4 Rae8 21. Nd2 Bd4 22. Rab1 Na4 23. Nf3 Bxb2 24. Bd6 Rf5 25.
g4 Rxf3 26. Bxf3 Bg7 27. Rxb7 1-0

[Event "Late-Titled-Tuesday-Blitz-April-16-2024"]
[Site "Chess.com"]
[Date "2024.04.16"]
[Round "7"]
[White "GlavkonVVS"]
[Black "VinzentSpitzl"]
[Result "1-0"]
[WhiteElo "2609"]
[BlackElo "2471"]
[TimeControl "180+1"]
[EndTime "15:11:59 PDT"]
[Termination "GlavkonVVS won by checkmate"]

1. c4 e6 2. Nc3 d5 3. d4 Nf6 4. Nf3 Be7 5. Bg5 h6 6. Bxf6 Bxf6 7. e3 O-O 8. g4 c5 9. h4 cxd4 10.
Nxd4 Nc6 11. g5 Bxd4 12. exd4 e5 13. gxh6 g6 14. Nxd5 Nxd4 15. h5 Bf5 16. Bd3 e4 17.
Bxe4 Re8 18. h7+ Kxh7 19. hxg6+ Kg8 20. Rh8+ Kxh8 21. Qh5+ Kg8 22. Qh7+ Kf8 23. Qxf7# 1-0

[Event "Late-Titled-Tuesday-Blitz-April-16-2024"]
[Site "Chess.com"]
[Date "2024.04.16"]
[Round "7"]
[White "AradNazari"]
[Black "Indefatigable11"]
[Result "1-0"]
[WhiteElo "2721"]
[BlackElo "2401"]
[TimeControl "180+1"]
[EndTime "15:12:06 PDT"]
[Termination "AradNazari won by checkmate"]

1. e4 c5 2. Nf3 d6 3. Bb5+ Bd7 4. Bxd7+ Qxd7 5. O-O Nf6 6. Re1 Nc6 7. c3 e5 8. d4 cxd4 9. cxd4 exd4 10. Nxd4 Be7 11. Nc3 O-O 12. Nf5 Rfe8 13. Bg5 Rad8 14. Nxe7+ Qxe7 15. Nd5 Qe5 16. f4 Qxb2 17. Bxf6 gxf6 18. Rb1 Qxa2 19.
Nxf6+ Kg7 20. Qg4+ Kxf6 21. Qg5+ Ke6 22. Rxb7 Qa5 23.
Qh6+ f6 24. Qh3+ f5 25. Qh6# 1-0

[Event "Late-Titled-Tuesday-Blitz-April-16-2024"]
[Site "Chess.com"]
[Date "2024.04.16"]
[Round "7"]
[White "zano2023"]
[Black "stasOR4ik"]
[Result "1-0"]
[WhiteElo "2192"]
[BlackElo "2415"]
[TimeControl "180+1"]
[EndTime "15:12:07 PDT"]
[Termination "zano2023 won by resignation"]

1. d4 Nf6 2. Nd2 c5 3. e3 cxd4 4. exd4 d5 5. Ngf3 Nc6 6. c3 Bg4 7. Qa4 e6 8. Ne5 Qc7 9. Bb5 Rc8 10. Qxa7 Bd6 11. Nxc6 bxc6 12. Qxc7 Rxc7 13. Bd3 e5 14. dxe5 Bxe5 15. O-O O-O 16. Re1 Re8 17. Rf1 c5 18. h3 Bh5 19. g4 Bg6 20. Bxg6 hxg6 21.
Nf3 d4 22. Nxe5 Rxe5 23. Bf4 Rce7 24. Bxe5 Rxe5 25. cxd4 cxd4 26. Rfe1 Rb5 27. b3 Nd5 28. Rad1 Nc3 29. Rd2 Ra5 30. a4 Rd5 31. Re8+ Kh7 32. Rc8 Ne4 33. Rd3 Nc5 34. Rxc5 Rxc5 35. Rxd4 Kh6 36.
b4 Rc3 37. Kg2 Kg5 38. b5 Kh4 39. Rb4 g5 40. b6 Rb3 41. Rxb3 1-0

[Event "Late-Titled-Tuesday-Blitz-April-16-2024"]
[Site "Chess.com"]
[Date "2024.04.16"]
[Round "7"]
[White "jcibarra"]
[Black "DenLaz"]
[Result "0-1"]
[WhiteElo "2927"]
[BlackElo "3119"]
[TimeControl "180+1"]
[EndTime "15:12:14 PDT"]
[Termination "DenLaz won by resignation"]

1. e4 c5 2. Nf3 e6 3. c3 d5 4.
exd5 Qxd5 5. d4 Nf6 6. Be3 cxd4 7. cxd4 Bb4+ 8. Nc3 O-O 9. Bd3 Bd7 10. O-O Bxc3 11. bxc3 Bb5 12. Rb1 Bxd3 13. Qxd3 b6 14. c4 Qb7 15. a4 Nc6 16. h3 Rfd8 17. Qa3 Qc7 18. Rfc1 h6 19. Qa2 Qe7 20. Rd1 Rac8 21. Rbc1 Na5 22.
Ne5 Nd7 23. Nxd7 Qxd7 24. d5 exd5 25. Rxd5 Qe6 26. Rxd8+ Rxd8 27. Qc2 Rc8 28. c5 bxc5 29. Qc3 Nb7 30. Rb1 Qc6 31. Rb5 a6 32. Rb1 Nd6 33. a5 Nb5 34. Qc4 Na3 0-1

[Event "Late-Titled-Tuesday-Blitz-April-16-2024"]
[Site "Chess.com"]
[Date "2024.04.16"]
[Round "7"]
[White "FREZZY23"]
[Black "dennisodessa"]
[Result "0-1"]
[WhiteElo "2404"]
[BlackElo "2546"]
[TimeControl "180+1"]
[EndTime "15:12:24 PDT"]
[Termination "dennisodessa won by checkmate"]

1. Nf3 e6 2. g3 Nf6 3. Bg2 b6 4. O-O Bb7 5. d4 Be7 6. c4 O-O 7. d5 exd5 8. Nh4 c6 9. cxd5 Nxd5 10. Nf5 Re8 11. e4 Nc7 12. Qg4 Ne6 13. Bh6 Bf8 14. Rd1 Qf6 15. Nc3 Qg6 16. Qh4 gxh6 17. Bf3 d5 18. exd5 Qxf5 19. dxe6 Qxf3 20. Re1 Rxe6 21. Rxe6 fxe6 22. Re1 Nd7 23. Re4 c5 24. Rg4+ Kh8 25.
Ne4 Bg7 26. Rf4 Qd1+ 27. Kg2 Nf6 28. f3 Nxe4 29. fxe4 Qe2+ 30. Kh3 Bxe4 31. Rxe4 Qf1+ 32. Kg4 Qf5# 0-1

[Event "Late-Titled-Tuesday-Blitz-April-16-2024"]
[Site "Chess.com"]
[Date "2024.04.16"]
[Round "7"]
[White "Caterpiller35"]
[Black "egnfanclub"]
[Result "1-0"]
[WhiteElo "2491"]
[BlackElo "2374"]
[TimeControl "180+1"]
[EndTime "15:12:31 PDT"]
[Termination "Caterpiller35 won by resignation"]

1. d4 d5 2. Bf4 Nf6 3. e3 Bf5 4.
c4 c6 5. Nc3 Nbd7 6. Qb3 Qb6 7.
Nf3 dxc4 8. Bxc4 e6 9. O-O Nd5 10. Bg3 Nxc3 11. Qxc3 Bb4 12. Qc1 O-O 13. a3 Be7 14. Re1 c5 15. e4 Bg6 16. d5 exd5 17. exd5 Bf6 18. Ne5 Nxe5 19. Bxe5 Rfe8 20. Qc3 Bxe5 21.
Rxe5 f6 22. Rxe8+ Rxe8 23. d6+ Kf8 24. Rd1 Rd8 25. Qd2 a6 26. Qd5 1-0

[Event "Late-Titled-Tuesday-Blitz-April-16-2024"]
[Site "Chess.com"]
[Date "2024.04.16"]
[Round "7"]
[White "ContrVersia"]
[Black "ReadySkate"]
[Result "0-1"]
[WhiteElo "2839"]
[BlackElo "2633"]
[TimeControl "180+1"]
[EndTime "15:12:35 PDT"]
[Termination "ReadySkate won by resignation"]

1. d4 Nf6 2. c4 g6 3. Nc3 d5 4. Nf3 Bg7 5. Bg5 Ne4 6. Bf4 Nxc3 7. bxc3 dxc4 8. e3 O-O 9. Bxc4 c5 10. h3 Nc6 11.
O-O Bf5 12. Be2 Rc8 13. Rc1 cxd4 14. cxd4 Be4 15. Qb3 Na5 16. Qa3 Rxc1 17. Rxc1 b6 18. Ne5 e6 19. Bb5 Bxg2 20. Nd7 Bxh3 21. Nxf8 Bxf8 22.
Qd3 Qh4 23. Bg3 Qh5 24. Ba4 Qf3 0-1

[Event "Late-Titled-Tuesday-Blitz-April-16-2024"]
[Site "Chess.com"]
[Date "2024.04.16"]
[Round "7"]
[White "chess_sharparchitect"]
[Black "PNEPaul"]
[Result "1-0"]
[WhiteElo "2241"]
[BlackElo "1866"]
[TimeControl "180+1"]
[EndTime "15:12:36 PDT"]
[Termination "chess_sharparchitect won by resignation"]

1. c4 a6 2. Nc3 d6 3. e4 g6 4. d4 h6 5. Nf3 Bg7 6. Bd3 Nd7 7. Be3 e5 8. Qd2 Ne7 9. Nd5 c6 10. Nxe7 Qxe7 11. O-O g5 12. dxe5 Nxe5 13. Nxe5 Qxe5 14. b4 O-O 15. Rad1 Qc3 16. Rc1 Qxd2 17. Bxd2 Be6 18. a4 d5 19. cxd5 cxd5 20. Rc7 Rfd8 21.
exd5 Bxd5 22. Be3 Bxg2 23. Kxg2 Rxd3 24. Rxb7 Bd4 25. Rd7 Rxe3 26. fxe3 Bxe3 27. Rfxf7 1-0

[Event "Late-Titled-Tuesday-Blitz-April-16-2024"]
[Site "Chess.com"]
[Date "2024.04.16"]
[Round "7"]
[White "grzechu96"]
[Black "NMJeevanK"]
[Result "1-0"]
[WhiteElo "2770"]
[BlackElo "2569"]
[TimeControl "180+1"]
[EndTime "15:12:37 PDT"]
[Termination "grzechu96 won by checkmate"]

1. e4 d6 2. d4 g6 3. Nf3 Nf6 4.
Nc3 Bg7 5. Be3 O-O 6. Qd2 a6 7. Bh6 b5 8. Bd3 Nc6 9. Bxg7 Kxg7 10. e5 dxe5 11. dxe5 Ng4 12. Be4 Bb7 13. Qf4 Nh6 14.
h4 f5 15. Ng5 Qc8 16. Bd5 Nd8 17. h5 Bxd5 18. Nxd5 Ne6 19. Nxe6+ Qxe6 20. Nxc7 Qc6 21. Nxa8 Rxa8 22. hxg6 Qxg6 23. O-O-O Rc8 24. Rh3 Qc6 25.
Rc3 Qb7 26. Rxc8 Qxc8 27. Qg5+ Kf7 28. Qxh6 Qc4 29. e6+ Ke8 30. Qh5+ Kf8 31. Rd8+ Kg7 32. Qg5# 1-0

[Event "Late-Titled-Tuesday-Blitz-April-16-2024"]
[Site "Chess.com"]
[Date "2024.04.16"]
[Round "7"]
[White "RebecaJimnz"]
[Black "Veleamater"]
[Result "0-1"]
[WhiteElo "2262"]
[BlackElo "2429"]
[TimeControl "180+1"]
[EndTime "15:12:46 PDT"]
[Termination "Veleamater won by checkmate"]

1. e4 d6 2. d4 g6 3. Nc3 Bg7 4. Be3 Nf6 5. f3 O-O 6. Qd2 Nc6 7. O-O-O a6 8. Bh6 b5 9. h4 Nh5 10. g4 Ng3 11. Rh2 Nxf1 12. Rxf1 e5 13. d5 Nd4 14. h5 Bxh6 15. Qxh6 Qf6 16. hxg6 Qxg6 17. Qe3 b4 18. Nce2 Nxe2+ 19. Nxe2 f6 20. Rfh1 Rf7 21. Kb1 Rg7 22. Ng3 Qg5 23. Qb3 a5 24. Qa4 Bd7 25. Qb3 Rf7 26. Qc4 Qf4 27. Nf5 Bxf5 28. gxf5 Qxf3 29.
Rh3 Qg4 30. Qf1 Rg7 31. Rxh7 Rxh7 32. Rg1 Qxg1 33. Qxg1+ Kh8 34. b3 Rg8 35. Qa7 Rh1+ 36.
Kb2 Rgg1 37. Qb8+ Kh7 38. Qxc7+ Kh6 39. c4 Rg2# 0-1

[Event "Late-Titled-Tuesday-Blitz-April-16-2024"]
[Site "Chess.com"]
[Date "2024.04.16"]
[Round "7"]
[White "mbojan"]
[Black "LuckIsMySkill"]
[Result "0-1"]
[WhiteElo "2948"]
[BlackElo "2690"]
[TimeControl "180+1"]
[EndTime "15:12:47 PDT"]
[Termination "LuckIsMySkill won by checkmate"]

1. g3 d5 2. Bg2 c6 3. d3 Nf6 4.
Nf3 Bg4 5. O-O Nbd7 6. h3 Bxf3 7. Bxf3 e6 8. Nd2 h5 9. h4 g6 10.
c3 Bh6 11. Bg2 Ne5 12. Nf3 Nxf3+ 13. Bxf3 Bxc1 14. Qxc1 Kf8 15. d4 Kg7 16. Qf4 a5 17. b3 Qb8 18. Rac1 Qxf4 19. gxf4 a4 20. b4 b5 21. a3 Ne8 22. e3 Nd6 23. Kg2 f6 24.
Be2 Kf7 25. Bd3 Rag8 26. Kf3 Nf5 27. Rh1 g5 28. hxg5 fxg5 29. Bxf5 exf5 30. fxg5 Rxg5 31. Rcg1 Rg4 32. Rg3 Kg6 33. Kg2 h4 34. Rxg4+ fxg4 35. f3 gxf3+ 36. Kxf3 Kf5 37. e4+ dxe4+ 38. Ke3 h3 39.
Rf1+ Ke6 40. Kxe4 h2 41. Rh1 Rh3 42. Kf4 Kd5 43. Kg4 Rxc3 44. Rxh2 Rxa3 45. Ra2 Rxa2 46. Kf5 Re2 47. Kg6 a3 48. Kf7 a2 49. Kg8 a1=Q 50.
Kg7 Qf1 51. Kg6 Rg2+ 52. Kh5 Qh1# 0-1

[Event "Late-Titled-Tuesday-Blitz-April-16-2024"]
[Site "Chess.com"]
[Date "2024.04.16"]
[Round "7"]
[White "Doublekk14"]
[Black "rhwr"]
[Result "0-1"]
[WhiteElo "2364"]
[BlackElo "2249"]
[TimeControl "180+1"]
[EndTime "15:12:57 PDT"]
[Termination "rhwr won on time"]

1. c4 c5 2. Nc3 Nc6 3. Nf3 g6 4. e3 Bg7 5. d4 cxd4 6. exd4 d6 7.
Be2 Bg4 8. Be3 Nf6 9. h3 Bd7 10.
O-O O-O 11. Qd2 Re8 12. Rfd1 e6 13. b3 d5 14. Rac1 Rc8 15. Bh6 Bh8 16. Bg5 Qa5 17.
Bxf6 Bxf6 18. Qf4 Bg7 19. Nb5 Rf8 20. Nd6 Rb8 21. cxd5 exd5 22. a4 Qb4 23. Rd3 Rbd8 24. Rc5 Be6 25. Ng5 Nxd4 26. Qc1 Nxe2+ 0-1

[Event "Late-Titled-Tuesday-Blitz-April-16-2024"]
[Site "Chess.com"]
[Date "2024.04.16"]
[Round "7"]
[White "Charodej1"]
[Black "1g60-1"]
[Result "0-1"]
[WhiteElo "2312"]
[BlackElo "2445"]
[TimeControl "180+1"]
[EndTime "15:12:58 PDT"]
[Termination "1g60-1 won by checkmate"]

1. e4 e6 2. d4 d5 3. Nd2 Nf6 4. e5 Nfd7 5. Bd3 c5 6. c3 Nc6 7. Ne2 cxd4 8. cxd4 f6 9. exf6 Nxf6 10. Nf3 Bd6 11. O-O Qc7 12. Bg5 O-O 13. Bh4 Nh5 14.
Rc1 Rxf3 15. gxf3 Bxh2+ 16. Kg2 Bd6 17. Bg3 Nxg3 18. fxg3 g6 19. f4 Qb6 20. b3 Nxd4 21.
Nxd4 Qxd4 22. Bb5 Qb6 23. Qe2 a6 24. Rxc8+ Rxc8 25. Qxe6+ Kg7 26. Qd7+ Kf6 27. Re1 Rc2+ 28. Kh3 Rh2+ 29. Kxh2 Qf2+ 30. Kh3 Qxe1 31. Qxd6+ Kg7 32. Bd3 Qh1+ 33. Kg4 Qh5# 0-1

[Event "Late-Titled-Tuesday-Blitz-April-16-2024"]
[Site "Chess.com"]
[Date "2024.04.16"]
[Round "7"]
[White "CaspiIsrael"]
[Black "WindWhistler11"]
[Result "1-0"]
[WhiteElo "2717"]
[BlackElo "2500"]
[TimeControl "180+1"]
[EndTime "15:13:00 PDT"]
[Termination "CaspiIsrael won on time"]

1. e4 e6 2. d4 d5 3. e5 c5 4.
c3 Nc6 5. Nf3 Bd7 6. Bd3 cxd4 7.
cxd4 Nb4 8. Be2 Rc8 9. Nc3 Ne7 10. a3 Nbc6 11. O-O Nf5 12. g4 Nh4 13. Ne1 f5 14. exf6 Qxf6 15. Be3 Bd6 16. f4 O-O 17. Rc1 a6 18. h3 Ne7 19. Nd3 Neg6 20. Ne5 Bxe5 21. dxe5 Qe7 22. Qd4 h5 23. Rf2 Bb5 24. Nxb5 Rxc1+ 25.
Bxc1 axb5 26. Bxb5 hxg4 27. hxg4 Qc7 28. Be3 Qa5 29.
Qb4 Qc7 30. Bd3 d4 31. Qxd4 Rd8 32. Qe4 Rxd3 33. Qxd3 Qc6 34. Kh2 Nf3+ 35. Kg3 Ngh4 36. Rc2 Qe8 37. Rc7 1-0